[Event "Titled Tuesday Blitz July 11 Early 2023"]
[White "Ishowmoves57"]
[Black "Kovacsy, Barnabas"]
[BlackFideId "769290"]
[WhiteElo "2123"]
[BlackElo "2482"]
[Result "1-0"]
[Round "3"]
[TimeControl "180+2"]
[Date "2023.07.11"]
[WhiteClock "0:00:09"]
[BlackClock "0:00:25"]
[Board "175"]

1. e4 c5 2. Nf3 e6 3. d4 cxd4 4. Nxd4 Nc6 5. Nc3 Qc7 6. Nxc6 bxc6 7. Be2 d5 8. exd5 cxd5 9. Bb5+ Bd7 10. Qe2 Nf6 11. O-O Bd6 12. Bxd7+ Nxd7 13. Nxd5 Bxh2+ 14. Kh1 Qe5 15. Qxe5 Bxe5 16. Nb4 O-O 17. Nd3 Bf6 18. Be3 a5 19. Rab1 Rab8 20. b3 Bc3 21. Rfd1 Nf6 22. Nc5 Rfc8 23. Nd7 Nxd7 24. Rxd7 Bf6 25. Ba7 Rb5 26. Rbd1 h6 27. c4 Rh5+ 28. Kg1 Kf8 29. Bd4 Bxd4 30. R1xd4 Rhc5 31. Ra7 R8c7 32. Rd8+ Ke7 33. Rda8 Rxa7 34. Rxa7+ Kf6 35. f3 e5 36. Kf2 Ke6 37. Rb7 g6 38. Rb5 Kd6 39. Rxc5 Kxc5 40. Ke3 f5 41. Kd3 Kb4 42. a3+ Kc5 43. Kc3 g5 44. b4+ axb4+ 45. axb4+ Kc6 46. c5 Kb5 47. Kd3 h5 48. Ke3 g4 49. fxg4 hxg4 50. g3 Kc6 51. Kd3 f4 52. gxf4 exf4 53. Ke4 f3 54. Ke3 Kd5 55. Kf2 Kc6 56. Kg3 Kb5 57. Kf2 Kc6 58. Kg3 Kb5 59. Kf2 Kxb4 60. c6 1-0


[Site "https://www.chess.com"]

[Event "Titled Tuesday Blitz July 11 Early 2023"]
[White "Hrescak, Ivana"]
[Black "Mihailidis, Anastasios"]
[WhiteFideId "14613441"]
[BlackFideId "4205588"]
[WhiteElo "2122"]
[BlackElo "2438"]
[Result "0-1"]
[Round "3"]
[TimeControl "180+2"]
[Date "2023.07.11"]
[WhiteClock "0:00:13"]
[BlackClock "0:01:34"]
[Board "176"]

1. e4 c5 2. Nf3 d6 3. Bb5+ Bd7 4. Bxd7+ Qxd7 5. c4 e5 6. Nc3 Nc6 7. O-O g6 8. d3 Bg7 9. h3 Nge7 10. Nh2 O-O 11. f4 f5 12. exf5 Nxf5 13. Nd5 exf4 14. Rxf4 Bd4+ 15. Rxd4 Ncxd4 16. Nf3 Ng3 17. Nxd4 cxd4 18. Bf4 Nf5 19. Qg4 Rae8 20. Bg5 Kg7 21. Rf1 Rf7 22. h4 h5 23. Qf4 Qe6 24. b4 Qe5 25. Qd2 Qe2 26. Qf4 Qxd3 27. Bf6+ Rxf6 28. Nxf6 Kxf6 29. Qxd6+ Kg7 30. Qd7+ Re7 31. Qd5 Qxf1+ 32. Kxf1 Ne3+ 33. Kf2 Nxd5 34. cxd5 Rd7 0-1


[Site "https://www.chess.com"]

[Event "Titled Tuesday Blitz July 11 Early 2023"]
[White "Lakshmi C"]
[Black "Omariev, Maksim"]
[WhiteFideId "25035347"]
[BlackFideId "4193423"]
[WhiteElo "2103"]
[BlackElo "2427"]
[Result "0-1"]
[Round "3"]
[TimeControl "180+2"]
[Date "2023.07.11"]
[WhiteClock "0:00:00"]
[BlackClock "0:01:52"]
[Board "177"]

1. g3 h5 2. Bg2 h4 3. e4 d6 4. f4 h3 5. Bf3 e5 6. d3 Nc6 7. Ne2 Nf6 8. f5 d5 9. O-O Bc5+ 10. Kh1 dxe4 11. dxe4 Qe7 12. Nbc3 Bd7 13. Bg5 O-O-O 14. Nd5 Qd6 15. c3 Ne7 16. Nb4 Bxb4 17. cxb4 Qxb4 18. Qc2 Ba4 0-1


[Site "https://www.chess.com"]

[Event "Titled Tuesday Blitz July 11 Early 2023"]
[White "Winkels, Marcel"]
[Black "Ibarra Jerez, Jose Carlos"]
[WhiteFideId "1003887"]
[BlackFideId "2226332"]
[WhiteElo "2091"]
[BlackElo "2903"]
[Result "0-1"]
[Round "3"]
[TimeControl "180+2"]
[Date "2023.07.11"]
[WhiteClock "0:00:00"]
[BlackClock "0:01:15"]
[Board "178"]

1. e4 d5 2. exd5 Qxd5 3. Nc3 Qd6 4. h3 Nf6 5. Nf3 g6 6. g3 Bg7 7. Bg2 O-O 8. O-O c5 9. d4 cxd4 10. Nxd4 a6 11. Nb3 Qc7 12. Bf4 e5 13. Be3 Be6 14. Re1 Nc6 15. Nc5 Bc8 16. a3 Rd8 17. Qe2 Nd4 18. Bxd4 exd4 19. N3e4 Nxe4 20. Nxe4 Bf5 21. g4 Be6 22. Qd2 Rac8 23. Rac1 Be5 24. Qe2 Bh2+ 25. Kh1 Bf4 26. Rcd1 Qxc2 27. Qxc2 Rxc2 28. b4 b6 29. Kg1 d3 30. Nf6+ Kg7 31. Ne4 d2 32. Rf1 Bc4 33. g5 Rc1 34. Bf3 Bxf1 35. Kxf1 Rd3 36. Be2 Rxa3 0-1


[Site "https://www.chess.com"]

[Event "Titled Tuesday Blitz July 11 Early 2023"]
[White "Samarth J Rao"]
[Black "Ahmad, Khagan"]
[WhiteFideId "46652370"]
[BlackFideId "13431552"]
[WhiteElo "2310"]
[BlackElo "2634"]
[Result "1-0"]
[Round "3"]
[TimeControl "180+2"]
[Date "2023.07.11"]
[WhiteClock "0:00:07"]
[BlackClock "0:00:00"]
[Board "179"]

1. Nf3 Nf6 2. Ng1 Ng8 3. Nf3 Nf6 4. e3 c5 5. Ke2 e6 6. g3 b6 7. Bg2 Bb7 8. Re1 Be7 9. Kf1 d6 10. Kg1 O-O 11. b3 e5 12. d3 Nc6 13. e4 d5 14. exd5 Nxd5 15. Bb2 f6 16. Nbd2 Qd7 17. Nc4 b5 18. Ncd2 Nd4 19. Ne4 Rac8 20. c4 Nxf3+ 21. Qxf3 Nb4 22. Nxf6+ Bxf6 23. Qxb7 Qxb7 24. Bxb7 Rb8 25. Be4 Rfd8 26. Red1 a5 27. Bc3 Nc2 28. Rac1 Nd4 29. Kf1 b4 30. Bxd4 Rxd4 31. Bd5+ Kf8 32. Ke2 Ke7 33. h3 Kd6 34. f3 Rb6 35. Rc2 Ra6 36. a4 bxa3 37. Ra2 h5 38. h4 g5 39. hxg5 Bxg5 40. Rh1 h4 41. f4 exf4 42. gxh4 Bxh4 43. Be4 Bf6 44. Rxa3 Ke6 45. Rh5 Be7 46. Kf3 Rd8 47. Kxf4 Rb8 48. Rh6+ Bf6 49. Bd5+ Ke7 50. Kf5 Rf8 51. Rh7+ Kd6 52. Bf7 Bb2 53. Ra2 Bd4 54. Rh6+ Kc7 55. Rxa6 Rxf7+ 56. Ke4 Re7+ 57. Kf4 Rf7+ 58. Kg4 Rg7+ 59. Kh5 Rh7+ 60. Rh6 Re7 61. Rxa5 Re3 62. Ra7+ Kb8 63. Rf7 Re8 64. Rb6+ Kc8 65. Rc6+ Kb8 66. Kg4 Rg8+ 67. Kf5 Re8 68. Re6 Rh8 69. Ree7 Kc8 70. Ra7 1-0


[Site "https://www.chess.com"]

[Event "Titled Tuesday Blitz July 11 Early 2023"]
[White "Domingo Nunez, Ruben"]
[Black "Szente Varga, Fruzsina"]
[WhiteFideId "22245570"]
[BlackFideId "712264"]
[WhiteElo "2589"]
[BlackElo "2310"]
[Result "1/2-1/2"]
[Round "3"]
[TimeControl "180+2"]
[Date "2023.07.11"]
[WhiteClock "0:00:43"]
[BlackClock "0:00:04"]
[Board "180"]

1. g4 d5 2. Bg2 Bxg4 3. c4 c6 4. cxd5 cxd5 5. Qb3 Nf6 6. Qxb7 Nbd7 7. Nc3 e6 8. e4 dxe4 9. Nxe4 Rb8 10. Nxf6+ Qxf6 11. Qc7 Bc5 12. Qg3 Bh5 13. Nf3 O-O 14. O-O Bxf3 15. Bxf3 Bd4 16. Bc6 Ne5 17. Bg2 Bxb2 18. Bxb2 Rxb2 19. d4 Ng6 20. a4 Nf4 21. Kh1 Qxd4 22. a5 Nxg2 23. Kxg2 Qd5+ 24. Kg1 Rb4 25. Rfe1 Qf5 26. h3 h5 27. Re5 Qf6 28. Rae1 h4 29. Qe3 Rf4 30. Re2 Qg6+ 31. Kh2 Ra4 32. Qxa7 Ra1 33. Re1 Rxe1 34. Rxe1 Qf5 35. a6 Qf4+ 36. Kg2 Rd8 37. Qb6 Rd5 38. a7 Rg5+ 39. Kf1 Qc4+ 40. Re2 Qc1+ 41. Re1 Qc4+ 42. Re2 Qc1+ 43. Re1 Qc4+ 1/2-1/2


[Site "https://www.chess.com"]

[Event "Titled Tuesday Blitz July 11 Early 2023"]
[White "Janaszak, Dawid"]
[Black "AndresDelgado77"]
[WhiteFideId "1119206"]
[WhiteElo "2580"]
[BlackElo "2300"]
[Result "1-0"]
[Round "3"]
[TimeControl "180+2"]
[Date "2023.07.11"]
[WhiteClock "0:00:30"]
[BlackClock "0:00:00"]
[Board "181"]

1. d4 Nf6 2. Nc3 e6 3. Bf4 c5 4. e3 a6 5. Nf3 Qb6 6. Qd2 Qxb2 7. Rb1 Qa3 8. d5 b5 9. Bxb5 axb5 10. Nxb5 Ne4 11. Nxa3 Nxd2 12. Nxd2 Na6 13. Nb5 exd5 14. c3 Bb7 15. O-O Bc6 16. Nf3 f6 17. Rfd1 Kf7 18. a4 Be7 19. h4 g6 20. Rb2 c4 21. Nfd4 Nc5 22. Nd6+ Bxd6 23. Bxd6 Nxa4 24. Rc2 Ra6 25. Bb4 Nb6 26. Ne2 Ba4 27. Ra1 Rha8 28. Rd2 Bc6 29. Rxa6 Rxa6 30. Nf4 Ra1+ 31. Kh2 Na4 32. Nxd5 Rc1 33. Rd4 Bxd5 34. Rxd5 Nxc3 35. Rxd7+ Kg8 36. Rc7 Ne4 37. f3 Nf2 38. Be7 c3 39. Bxf6 Nd1 40. e4 Rb1 41. e5 1-0


[Site "https://www.chess.com"]

[Event "Titled Tuesday Blitz July 11 Early 2023"]
[White "infinitypoint"]
[Black "Dwilewicz, Katarzyna"]
[BlackFideId "1148486"]
[WhiteElo "2558"]
[BlackElo "2298"]
[Result "1-0"]
[Round "3"]
[TimeControl "180+2"]
[Date "2023.07.11"]
[WhiteClock "0:01:11"]
[BlackClock "0:00:00"]
[Board "182"]

1. c4 e6 2. d4 b6 3. Nc3 Nf6 4. a3 Bb7 5. Qc2 d5 6. Bg5 h6 7. Bh4 c5 8. e3 cxd4 9. exd4 dxc4 10. Rd1 Be7 11. Nf3 Bxf3 12. gxf3 Nc6 13. Qa4 Qd7 14. Bxc4 O-O 15. Bb5 Rac8 16. O-O Rfd8 17. Bxf6 Bxf6 18. d5 exd5 19. Nxd5 Qe6 20. Bxc6 Be5 21. Rfe1 Rd6 22. Bd7 Qg6+ 23. Kf1 Bxh2 24. Bxc8 Qg1+ 25. Ke2 Qg5 26. Qe8+ Kh7 27. Qe4+ g6 28. Ba6 Re6 29. Qxe6 fxe6 30. Ne3 Qe5 31. Rd7+ Kg8 32. Red1 Qxb2+ 33. R1d2 Qf6 34. Rd8+ Kf7 35. R2d7+ 1-0


[Site "https://www.chess.com"]

[Event "Titled Tuesday Blitz July 11 Early 2023"]
[White "Ardila, Oscar Humberto"]
[Black "Ganiev, Roman"]
[WhiteFideId "4404742"]
[BlackFideId "4131452"]
[WhiteElo "2293"]
[BlackElo "2554"]
[Result "0-1"]
[Round "3"]
[TimeControl "180+2"]
[Date "2023.07.11"]
[WhiteClock "0:00:00"]
[BlackClock "0:00:04"]
[Board "183"]

1. d4 Nf6 2. c4 e6 3. Nc3 Bb4 4. Bd2 O-O 5. Nf3 b6 6. e3 Bb7 7. Be2 d5 8. O-O Re8 9. Rc1 Bf8 10. Ne5 c5 11. cxd5 Nxd5 12. Bf3 Nd7 13. Nxd5 Bxd5 14. Bc3 Nxe5 15. dxe5 Bxf3 16. Qxf3 Qc7 17. Qg4 Rad8 18. f4 Rd3 19. Rf3 g6 20. Rcf1 Qd7 21. Rh3 Bg7 22. Qh4 h6 23. Qg4 Qd5 24. Rhf3 Qe4 25. Qg3 Red8 26. h4 h5 27. a3 Rd1 28. Kh2 Rxf1 29. Rxf1 Rd3 30. Rf3 b5 31. Ba5 b4 32. axb4 cxb4 33. Bc7 Bf8 34. Bd6 Rd2 35. b3 Rd3 36. Bxf8 Kxf8 37. Qg5 Qf5 38. Qh6+ Ke7 39. Qh8 Qe4 40. Qf6+ Ke8 41. Qh8+ Kd7 42. Qf8 Qf5 43. e4 Qxe4 44. Qxf7+ Kd8 45. Qf6+ Kd7 46. Qf7+ Kd8 47. Rxd3+ Qxd3 48. Qxe6 Qd4 49. Qf6+ Kc8 50. e6 Qxf6 0-1


[Site "https://www.chess.com"]

[Event "Titled Tuesday Blitz July 11 Early 2023"]
[White "Sebag, Marie"]
[Black "Clawitter, Craig"]
[WhiteFideId "617822"]
[BlackFideId "2023105"]
[WhiteElo "2545"]
[BlackElo "2291"]
[Result "0-1"]
[Round "3"]
[TimeControl "180+2"]
[Date "2023.07.11"]
[WhiteClock "0:00:00"]
[BlackClock "0:00:45"]
[Board "184"]

1. d4 e6 2. c4 Nf6 3. Nc3 d5 4. Nf3 c6 5. e3 Nbd7 6. Qc2 Bd6 7. b3 b6 8. Be2 Bb7 9. O-O O-O 10. Bb2 a5 11. Rad1 Qe7 12. Rfe1 Rac8 13. e4 dxe4 14. Nxe4 Nxe4 15. Qxe4 Nf6 16. Qh4 a4 17. Bd3 h6 18. Ne5 c5 19. d5 axb3 20. axb3 Nxd5 21. Qh3 Nf4 22. Qg4 Qg5 23. Qxg5 hxg5 24. Bf1 Rfd8 25. g3 Nh5 26. Bh3 Nf6 27. Nxf7 Kxf7 28. Bxe6+ Kg6 29. Bxc8 Bxc8 30. Be5 Be7 31. Bc7 Rxd1 0-1


[Site "https://www.chess.com"]

[Event "Titled Tuesday Blitz July 11 Early 2023"]
[White "Vaglio Munoz, Jaime"]
[Black "Palencia Morales, Wilson Guillermo"]
[WhiteFideId "6500145"]
[BlackFideId "4401859"]
[WhiteElo "2290"]
[BlackElo "2534"]
[Result "0-1"]
[Round "3"]
[TimeControl "180+2"]
[Date "2023.07.11"]
[WhiteClock "0:00:04"]
[BlackClock "0:00:08"]
[Board "185"]

1. Nf3 g6 2. b3 Bg7 3. d4 c5 4. Bb2 Nc6 5. e3 d6 6. Qc1 cxd4 7. Nxd4 Nf6 8. Nxc6 bxc6 9. c4 O-O 10. Be2 d5 11. O-O Qd6 12. h3 e5 13. Ba3 Qe6 14. Bxf8 Bxf8 15. Nd2 e4 16. a3 Bd6 17. Rd1 Qe5 18. Nf1 Be6 19. c5 Bc7 20. b4 Qg5 21. Kh1 Be5 22. Rb1 Qh6 23. Kg1 Qg5 24. Kh1 Qh4 25. Kg1 g5 26. b5 g4 27. g3 Qxh3 28. bxc6 h5 29. Rb7 h4 30. Re7 hxg3 31. fxg3 Nh5 32. Rxe6 fxe6 33. Bxg4 Qxg4 34. Rd2 Rf8 35. Rg2 Rf3 36. c7 Bxc7 37. Qb1 Nxg3 38. Nh2 Qh3 39. Qe1 Rf7 40. c6 Rg7 41. Qf2 Nf5 42. Rxg7+ Kxg7 43. Qg2+ Qxg2+ 44. Kxg2 Nxe3+ 45. Kh3 Nc4 46. Ng4 Na5 47. Ne3 Nxc6 48. Nc2 Kf6 49. Kg4 e5 50. Kg3 d4 51. Kf2 e3+ 52. Ke2 Kf5 53. Ne1 e4 54. Kd1 d3 55. a4 Ba5 56. Ng2 e2+ 57. Kc1 d2+ 58. Kb2 e1=Q 59. Ne3+ Qxe3 60. Kc2 Qc3+ 61. Kd1 Qc1+ 62. Ke2 Qe1# 0-1


[Site "https://www.chess.com"]

[Event "Titled Tuesday Blitz July 11 Early 2023"]
[White "Adla, Diego"]
[Black "MunichMouse"]
[WhiteFideId "100072"]
[WhiteElo "2532"]
[BlackElo "2288"]
[Result "0-1"]
[Round "3"]
[TimeControl "180+2"]
[Date "2023.07.11"]
[WhiteClock "0:00:59"]
[BlackClock "0:00:43"]
[Board "186"]

1. e4 c5 2. Nf3 d6 3. d4 cxd4 4. Nxd4 Nf6 5. Nc3 a6 6. Be3 Ng4 7. Qd2 Nxe3 8. Qxe3 g6 9. O-O-O Bg7 10. Kb1 e6 11. f3 O-O 12. g4 Nc6 13. Nb3 Qc7 14. h4 Nb4 15. h5 d5 16. exd5 Bxc3 17. Qxc3 Qxc3 18. bxc3 Nxd5 19. Kb2 b5 20. hxg6 hxg6 21. c4 Ne3 22. Rd4 bxc4 23. Bxc4 Bb7 24. Rf4 Bxf3 25. Rxf3 Nxc4+ 26. Kb1 a5 27. Rfh3 Kg7 28. g5 Rh8 29. Nc5 Rab8+ 30. Kc1 Rxh3 31. Rxh3 Rh8 32. Rxh8 Kxh8 33. Ne4 Kg7 34. Kd1 Kf8 35. Nf6 Ke7 36. Ke2 Kd6 37. Kd3 Ne5+ 38. Kc3 Nf3 39. Ne4+ Ke5 40. Kd3 Ne1+ 41. Ke3 Nxc2+ 42. Kd3 Nb4+ 43. Ke3 Nxa2 0-1


[Site "https://www.chess.com"]

[Event "Titled Tuesday Blitz July 11 Early 2023"]
[White "Mikhaylova, Irina"]
[Black "Goltseva, Ekaterina"]
[WhiteFideId "4109040"]
[BlackFideId "24173770"]
[WhiteElo "2269"]
[BlackElo "2518"]
[Result "1/2-1/2"]
[Round "3"]
[TimeControl "180+2"]
[Date "2023.07.11"]
[WhiteClock "0:01:41"]
[BlackClock "0:01:42"]
[Board "187"]

1. Nf3 Nf6 2. c4 e6 3. Nc3 d5 4. cxd5 exd5 5. d4 c6 6. Bg5 Be7 7. Qc2 Na6 8. e3 Nc7 9. Bd3 Ne6 10. Bh4 g6 11. O-O Ng7 12. Rab1 a5 13. a3 Bf5 14. b4 axb4 15. axb4 O-O 16. b5 Rc8 17. bxc6 bxc6 18. Na4 Bxd3 19. Qxd3 Nf5 20. Bxf6 Bxf6 21. Rfc1 Nd6 22. Nc5 Rc7 23. Na6 Rc8 24. Nc5 Rc7 25. Na6 Rc8 26. Nc5 1/2-1/2


[Site "https://www.chess.com"]

[Event "Titled Tuesday Blitz July 11 Early 2023"]
[White "Kubicka, Anna"]
[Black "Liu, Kelsey"]
[WhiteFideId "1152254"]
[BlackFideId "30944481"]
[WhiteElo "2503"]
[BlackElo "2263"]
[Result "0-1"]
[Round "3"]
[TimeControl "180+2"]
[Date "2023.07.11"]
[WhiteClock "0:00:08"]
[BlackClock "0:00:06"]
[Board "188"]

1. e4 c5 2. Ne2 Nc6 3. g3 g6 4. Bg2 Bg7 5. O-O e5 6. Nbc3 Nge7 7. Nd5 O-O 8. d3 d6 9. Bg5 Be6 10. Qd2 Qd7 11. f4 f6 12. Nxe7+ Qxe7 13. Bh4 Bg4 14. Bf3 Bxf3 15. Rxf3 Bh6 16. g4 exf4 17. Qc3 Ne5 18. Rh3 Nxg4 19. Rf1 Qe5 20. Qb3+ Kg7 21. Qxb7+ Kh8 22. Be1 Ne3 23. Rf2 Rab8 24. Qxa7 Rxb2 25. Kh1 Rb1 26. Rf1 Nxf1 27. Rxh6 Ng3+ 28. Nxg3 Rxe1+ 29. Kg2 f3+ 30. Kf2 Qd4+ 31. Kxe1 Qe3+ 32. Kf1 Qxh6 33. Qe7 Qh3+ 34. Kf2 Qg2+ 35. Ke3 Kg8 36. Qe6+ Kg7 37. Qg4 Qg1+ 38. Kxf3 Qd1+ 39. Ne2 f5 40. Qg5 fxe4+ 41. Ke3 Rf3+ 42. Kxe4 Qxe2+ 43. Kd5 Rf5+ 0-1


[Site "https://www.chess.com"]

[Event "Titled Tuesday Blitz July 11 Early 2023"]
[White "Kuchava, Ana"]
[Black "AlivodicDario"]
[WhiteFideId "13605348"]
[WhiteElo "2259"]
[BlackElo "2495"]
[Result "0-1"]
[Round "3"]
[TimeControl "180+2"]
[Date "2023.07.11"]
[WhiteClock "0:00:00"]
[BlackClock "0:00:19"]
[Board "189"]

1. d4 d5 2. Nf3 e6 3. c4 c6 4. e3 f5 5. Nc3 Nf6 6. Bd3 Bd6 7. b3 Ne4 8. Bb2 Nd7 9. Ne2 O-O 10. O-O Qf6 11. Rc1 g5 12. Ne1 g4 13. f4 gxf3 14. Nxf3 Kh8 15. Nf4 Rg8 16. Qe2 Ng5 17. Nxg5 Rxg5 18. cxd5 exd5 19. Rf3 Nf8 20. Rcf1 Ng6 21. Rh3 Nxf4 22. exf4 Rg8 23. Qh5 Qg6 24. g3 Bd7 25. Qxg6 Rxg6 26. Re1 Kg7 27. Rh5 Bxf4 28. Bxf5 Bxf5 29. Rxf5 Bd6 30. Ref1 Rf8 31. Rxf8 Bxf8 32. Bc1 Re6 33. Bf4 Re2 34. Be5+ Kg8 35. Rf2 Re4 36. Kg2 c5 37. Rd2 b6 38. Kf3 Bh6 39. Rd3 Kf7 40. Bf4 Bxf4 41. gxf4 cxd4 42. a4 Kf6 43. h3 Kf5 44. Kg3 Re3+ 45. Rxe3 dxe3 46. Kf3 d4 0-1


[Site "https://www.chess.com"]

[Event "Titled Tuesday Blitz July 11 Early 2023"]
[White "Tokhirjonova, Gulrukhbegim"]
[Black "Xavier_mompel"]
[WhiteFideId "14203626"]
[WhiteElo "2495"]
[BlackElo "2256"]
[Result "1-0"]
[Round "3"]
[TimeControl "180+2"]
[Date "2023.07.11"]
[WhiteClock "0:01:57"]
[BlackClock "0:01:12"]
[Board "190"]

1. Nc3 d5 2. d4 Nf6 3. Bf4 e6 4. e3 Bd6 5. Bg3 O-O 6. Bd3 c5 7. dxc5 Bxc5 8. Nf3 Nc6 9. O-O Bd6 10. e4 Bxg3 11. hxg3 d4 12. Ne2 e5 13. c3 Bg4 14. cxd4 Bxf3 15. gxf3 Nxd4 16. Nxd4 Qxd4 17. Bc2 Rfd8 18. Qxd4 Rxd4 19. Rfd1 Rad8 20. Kf1 R8d6 21. Ke1 Nd7 22. b4 Kf8 23. a3 Ke7 24. Ke2 Nb6 25. Bb3 f6 26. Rxd4 Rxd4 27. Rc1 Kd7 28. Ke3 h6 29. f4 Kd6 30. g4 g5 31. fxe5+ fxe5 32. Rh1 Nc4+ 33. Bxc4 Rxc4 34. Rxh6+ Kc7 35. Rg6 Rc3+ 36. Ke2 Rxa3 37. Rxg5 Rb3 38. Rxe5 Rxb4 39. g5 Rb6 40. f4 Rd6 41. f5 Kd7 42. g6 a5 43. g7 a4 44. g8=Q a3 45. Qe8+ Kc7 46. Rc5+ Kb6 47. Qb5+ Ka7 48. Rc7 Rb6 49. Qa5+ Ra6 50. Qc5+ 1-0


[Site "https://www.chess.com"]

[Event "Titled Tuesday Blitz July 11 Early 2023"]
[White "UgarteCesar"]
[Black "mjbacojo"]
[WhiteElo "2255"]
[BlackElo "2469"]
[Result "0-1"]
[Round "3"]
[TimeControl "180+2"]
[Date "2023.07.11"]
[WhiteClock "0:00:07"]
[BlackClock "0:00:38"]
[Board "191"]

1. d4 Nf6 2. Bf4 d6 3. Nf3 Nc6 4. e3 Bg4 5. Be2 h5 6. Nbd2 g6 7. h3 Bxf3 8. Nxf3 Bh6 9. Bxh6 Rxh6 10. O-O Qd7 11. c4 O-O-O 12. b4 Nxb4 13. Rb1 a5 14. a3 Nc6 15. d5 Nb8 16. Qd2 b6 17. e4 Rhh8 18. e5 Ne4 19. Qf4 Qf5 20. Qe3 Nc5 21. exd6 exd6 22. Nd4 Qe5 23. Qd2 g5 24. Rfe1 f5 25. Bd3 Ne4 26. Bxe4 fxe4 27. f3 Rde8 28. Rxe4 Qg7 29. Rbe1 Rxe4 30. Rxe4 g4 31. Ne6 Qa1+ 32. Kh2 gxh3 33. gxh3 Rg8 34. Ng5 Nd7 35. Qe2 Kb7 36. f4 Qxa3 37. h4 Nf6 38. Re7 Ng4+ 39. Kg2 a4 40. Ne6 Ne3+ 41. Kf3 Nxd5+ 42. Kf2 Qg3+ 43. Kf1 Qg1# 0-1


[Site "https://www.chess.com"]

[Event "Titled Tuesday Blitz July 11 Early 2023"]
[White "Rodriguez Fontecha, Marcos"]
[Black "Sala, Giulia"]
[WhiteFideId "2256576"]
[BlackFideId "2840451"]
[WhiteElo "2453"]
[BlackElo "2251"]
[Result "1-0"]
[Round "3"]
[TimeControl "180+2"]
[Date "2023.07.11"]
[WhiteClock "0:00:06"]
[BlackClock "0:00:00"]
[Board "192"]

1. e4 e5 2. Nf3 Nf6 3. d4 exd4 4. e5 Nd5 5. Qxd4 Nb6 6. Bd3 Nc6 7. Qf4 d6 8. O-O Be7 9. Qg3 dxe5 10. Qxg7 Bf6 11. Qh6 Bg4 12. Ng5 Bxg5 13. Bxg5 Qd7 14. Qg7 Rf8 15. Qh6 Nd5 16. Nd2 f6 17. Bh4 O-O-O 18. Ne4 Qe7 19. Rfe1 Bf5 20. Nxf6 Nxf6 21. Bxf5+ Kb8 22. h3 Nd4 23. Bd3 Qd6 24. Bxf6 Rxf6 25. Qe3 Re8 26. c3 Nc6 27. Be4 Rg8 28. Rad1 Qe6 29. Qc5 Qxh3 30. Qe3 Qxe3 31. Rxe3 Ne7 32. Rh3 Rf7 33. Rd7 Kc8 34. Rd1 Rgf8 35. f3 Ng6 36. Rh6 Nf4 37. Rxh7 Ne2+ 38. Kf2 Nf4 39. Rxf7 Rxf7 40. g3 Ne6 41. Ke3 c6 42. g4 Nc5 43. Bf5+ Kc7 44. Rh1 Kb6 45. b4 Na4 46. c4 c5 47. b5 Ka5 48. Rh6 Kb4 49. Bd3 Nb2 50. g5 Nxc4+ 51. Bxc4 Kxc4 52. g6 Rg7 53. Ke4 Kxb5 54. Kxe5 c4 55. Kf6 Rf7+ 56. gxf7 1-0


[Site "https://www.chess.com"]

[Event "Titled Tuesday Blitz July 11 Early 2023"]
[White "Magallanes, Rey Jomar"]
[Black "Jimenez Ruano, Adrian"]
[WhiteFideId "5205948"]
[BlackFideId "22276050"]
[WhiteElo "2245"]
[BlackElo "2442"]
[Result "0-1"]
[Round "3"]
[TimeControl "180+2"]
[Date "2023.07.11"]
[WhiteClock "0:01:51"]
[BlackClock "0:01:11"]
[Board "193"]

1. e4 e6 2. d4 d5 3. e5 c5 4. c3 Nc6 5. Nf3 Nge7 6. a3 Ng6 7. b4 cxd4 8. cxd4 Be7 9. Bd3 O-O 10. O-O Bd7 11. Be3 f6 12. Bxg6 hxg6 13. Qc2 fxe5 14. Qxg6 e4 15. Ng5 Bxg5 16. Bxg5 Qe8 17. Qxe8 Raxe8 18. Be3 e5 19. dxe5 d4 20. Bg5 Rxe5 21. Bh4 e3 22. fxe3 Rxf1+ 23. Kxf1 Rxe3 24. Nd2 d3 25. Re1 Rxe1+ 26. Kxe1 Nd4 27. Nc4 Bb5 28. Nd6 Bc6 29. Bf2 Nb3 30. Bxa7 d2+ 31. Kd1 Bxg2 32. Kc2 Bf3 33. Kxb3 d1=Q+ 34. Kc4 0-1


[Site "https://www.chess.com"]

[Event "Titled Tuesday Blitz July 11 Early 2023"]
[White "De Souza, Cristiano Gomes"]
[Black "Begunov, Konstantin"]
[WhiteFideId "2151758"]
[BlackFideId "4118510"]
[WhiteElo "2243"]
[BlackElo "2435"]
[Result "0-1"]
[Round "3"]
[TimeControl "180+2"]
[Date "2023.07.11"]
[WhiteClock "0:00:08"]
[BlackClock "0:00:22"]
[Board "194"]

1. d4 d5 2. c4 c6 3. Nf3 Nf6 4. Nc3 dxc4 5. a4 Bg4 6. Ne5 Bh5 7. f3 Nfd7 8. Nxc4 e5 9. dxe5 Qh4+ 10. g3 Qxc4 11. e4 Qb4 12. Bd2 Qa5 13. g4 Bg6 14. f4 Bb4 15. f5 Nxe5 16. fxg6 hxg6 17. Be2 Nbd7 18. O-O O-O-O 19. Qc2 Rh3 20. Kg2 Rdh8 21. Bf4 Bxc3 22. bxc3 Rxc3 23. Qd2 Qb4 24. Bf3 Qc5 25. Rac1 Nxf3 26. Qxc3 Qxc3 27. Rxc3 Nfe5 28. h3 f6 29. Rb3 g5 30. Bg3 Re8 31. a5 b5 32. axb6 axb6 33. Ra1 Kb7 34. Rba3 c5 35. Ra7+ Kc6 36. Ra8 Rxa8 37. Rxa8 c4 38. Kf2 b5 39. Ke3 b4 40. Kd4 c3 41. Ra1 Kb5 42. Bxe5 Nxe5 43. Ke3 Kc4 44. Ra8 b3 45. Rc8+ Kb4 46. Ke2 b2 47. Rb8+ Kc4 48. Kd1 Nf3 49. Rc8+ Kd3 50. Rd8+ Kxe4 51. Kc2 Nd2 52. Rb8 b1=Q+ 53. Rxb1 Nxb1 54. Kxb1 Kf3 55. Kc2 Kg3 56. Kxc3 Kxh3 0-1


[Site "https://www.chess.com"]

[Event "Titled Tuesday Blitz July 11 Early 2023"]
[White "Marn, Jan"]
[Black "Chemin, Justo Reinaldo"]
[WhiteFideId "14619245"]
[BlackFideId "2101580"]
[WhiteElo "2433"]
[BlackElo "2242"]
[Result "1-0"]
[Round "3"]
[TimeControl "180+2"]
[Date "2023.07.11"]
[WhiteClock "0:02:23"]
[BlackClock "0:01:25"]
[Board "195"]

1. d4 d5 2. Nf3 c6 3. Bf4 Bf5 4. e3 e6 5. c4 Nf6 6. Nc3 dxc4 7. Bxc4 a6 8. O-O h6 9. Re1 b5 10. Bb3 Nbd7 11. e4 Bg4 12. h3 Bh5 13. g4 Bg6 14. d5 b4 15. dxe6 bxc3 16. exd7+ Qxd7 17. bxc3 Qxd1 18. Raxd1 Rd8 19. Ne5 Rxd1 20. Rxd1 Nxe4 21. Nxg6 fxg6 22. Re1 1-0


[Site "https://www.chess.com"]

[Event "Titled Tuesday Blitz July 11 Early 2023"]
[White "Kopacz, Grzegorz"]
[Black "Herman, Matthew"]
[WhiteFideId "1109880"]
[BlackFideId "2028964"]
[WhiteElo "2232"]
[BlackElo "2412"]
[Result "0-1"]
[Round "3"]
[TimeControl "180+2"]
[Date "2023.07.11"]
[WhiteClock "0:00:03"]
[BlackClock "0:00:11"]
[Board "196"]

1. d4 Nf6 2. c4 g6 3. Nc3 Bg7 4. Nf3 d6 5. Bg5 O-O 6. e3 c5 7. d5 h6 8. Bh4 g5 9. Bg3 Nh5 10. Nxg5 Nxg3 11. hxg3 hxg5 12. Qh5 Bf5 13. Qxg5 Bg6 14. O-O-O Qa5 15. Bd3 Nd7 16. Bxg6 fxg6 17. Qxg6 Rf6 18. Qh7+ Kf8 19. Ne4 Qxa2 20. Nxf6 Nxf6 21. Qc2 b5 22. b3 Qa3+ 23. Kd2 Rb8 24. Ke2 bxc4 25. Qxc4 Rxb3 26. Kf3 Rb4 27. Qd3 Qb2 28. Rd2 Qe5 29. Ke2 a5 30. Qa6 Kf7 31. Qc8 a4 32. Rhd1 a3 33. f4 Qc3 34. Qe6+ Kf8 35. Qc8+ Ne8 36. Qf5+ Bf6 37. Rh1 Ng7 38. Rh8+ Kf7 39. Qe6+ Nxe6 40. dxe6+ Kxe6 41. Rh5 Qc4+ 42. Kf2 Kd7 43. Rh7 a2 44. Rh1 a1=Q 45. Rxa1 Bxa1 46. g4 Bc3 47. Re2 Rb2 48. Rxb2 Bxb2 49. g5 Bg7 50. Kf3 Qd3 51. Kg4 c4 0-1


[Site "https://www.chess.com"]

[Event "Titled Tuesday Blitz July 11 Early 2023"]
[White "Ruge, Edison"]
[Black "Matveeva, Olga"]
[WhiteFideId "4401000"]
[BlackFideId "24107018"]
[WhiteElo "2222"]
[BlackElo "2410"]
[Result "0-1"]
[Round "3"]
[TimeControl "180+2"]
[Date "2023.07.11"]
[WhiteClock "0:00:43"]
[BlackClock "0:01:11"]
[Board "197"]

1. e4 e6 2. d3 d5 3. Nd2 c5 4. Ngf3 Nc6 5. g3 Nf6 6. Bg2 g6 7. O-O Bg7 8. Re1 O-O 9. c3 b5 10. exd5 Nxd5 11. Nb3 Qe7 12. d4 cxd4 13. Nbxd4 Nxd4 14. Nxd4 Qc5 15. Nb3 Qb6 16. Bxd5 exd5 17. Be3 d4 18. Bxd4 Qc6 19. Bxg7 Bb7 20. f3 Kxg7 21. Na5 Qb6+ 22. Qd4+ Qxd4+ 23. cxd4 Bxf3 24. Kf2 Bd5 25. Re5 Rfd8 26. b3 Rac8 27. Rae1 Rc2+ 28. R1e2 Rxe2+ 29. Kxe2 Kf6 30. Kd3 h5 31. h4 Rd7 32. Re8 Rd6 33. Rb8 a6 34. Nb7 Rb6 35. Rd8 Bxb7 0-1


[Site "https://www.chess.com"]